cohdb
Replays
Latest Replays
All Replays
Popular Replays
Top Player Replays
Match Explorer
How It Works
Community
CoH3 Stats
Reddit
Sign in to upload your games and track your stats! →
Sign in with Steam
Match 40981363
Unlisted
Match 40981363
Overview
Messages
Build Orders
End
Kettenkrad Recon Vehicle
Construct Infanterie Kompanie
MG 42 Machine Gun Team
Selects Terror Battlegroup
Selects Machine Gun Camouflage
Grenadier Squad
GrW 34 Mortar Team
Construct Luftwaffe Kompanie
221 Scout Car
Jäger Squad
Jäger Squad
Support Elements
Luftwaffe Officer Quarters
Medical Bunker
Marder III M Tank Destroyer
Selects Defend the Fatherland
Wirbelwind Flakpanzer
Jäger Squad
Jäger Squad
Selects King Tiger Heavy Tank
King Tiger Heavy Tank
Selects Contempt for the Weak
Pioneer Squad
Selects Propaganda Leaflet Drop
Marder III M Tank Destroyer
Selects V1 Rocket Strike
V1 Rocket Strike
Marder III M Tank Destroyer
V1 Rocket Strike
V1 Rocket Strike
Jäger Squad
Wirbelwind Flakpanzer
V1 Rocket Strike
King Tiger Heavy Tank
Pioneer Squad
V1 Rocket Strike
Grenadier Squad
mentoss
ManFrau
touchpadslav
Artistóteles
Einherjer
Miles '+'
0
0
Comments
sign in to comment!
No comments posted yet!